AoeStats
← 李太君の秽土转生

Arena

509189201Analyzed
1v1 RM · 6d ago on Sep 25, 2026· 67m 7s· 2 players
Game mode
Random Map
Map size
Tiny (2 player)
Population
200
Speed
Normal
Resources
Standard
Victory
Conquest
Starting age
Dark Age
Ending age
Imperial Age
RankedLock teamsTeams togetherTeam positionsShared explorationLock speedFull tech treeHidden civsTurbo modeCheats
Victory
Defeat
754
+17
🇨🇭 Saxons · Switzerland
765
-17
李太君の秽土转生
7:13 Loom
9:48 Feudal Age
12:01 Double-Bit Axe
15:56 Castle Age
19:19 Wheelbarrow
19:17 Horse Collar
21:58 Bow Saw
24:02 Heavy Plow
32:43 Imperial Age
31:06 Fletching
31:56 Gold Mining
33:25 Bloodlines
33:19 Padded Archer Armor
34:09 Husbandry
34:07 Bodkin Arrow
34:06 Treadmill Crane
35:09 Thumb Ring
37:40 Chemistry
37:23 Hand Cart
38:15 Scale Barding Armor
38:43 Town Watch
40:18 Light Cavalry
41:57 Stone Mining
42:46 Crop Rotation
42:47 Ballistics
43:10 Conscription
43:44 Forging
43:57 Chain Barding Armor
45:07 Leather Archer Armor
44:53 Bracer
47:51 Plate Barding Armor
47:52 Iron Casting
48:26 Siege Engineers
48:32 Masonry
49:24 Two-Man Saw
51:50 Scale Mail Armor
52:51 Blast Furnace
52:30 Bombard Tower
52:06 Murder Holes
52:28 Gambesons
52:04 Man-at-Arms
52:04 Pikeman
53:15 Long Swordsman
54:43 Architecture
55:37 Town Patrol
58:25 Two-Handed Swordsman
61:29 Stone Shaft Mining
60:27 Champion
61:05 Halberdier
61:31 Arson
62:14 Chain Mail Armor
62:29 Ring Archer Armor
63:31 Cavalier
EeeZee3
0:26 Loom
12:43 Feudal Age
15:38 Double-Bit Axe
15:38 Horse Collar
18:17 Castle Age
16:32 Stone Mining
16:51 Fletching
17:24 Gold Mining
18:56 Town Watch
20:31 Squires
26:07 Heavy Plow
26:20 Bow Saw
28:15 Gold Shaft Mining
28:23 Wheelbarrow
28:53 Ballistics
28:15 Treadmill Crane
29:04 Bodkin Arrow
30:54 Forging
30:54 Scale Mail Armor
31:32 Padded Archer Armor
32:42 Thumb Ring
33:35 Clerical Recruitment
37:57 Leather Archer Armor
38:55 Iron Casting
39:10 Scale Barding Armor
39:03 Arson
40:47 Gambesons
47:46 Imperial Age
47:25 Pikeman
50:33 Two-Man Saw
50:11 Crop Rotation
49:59 Cranequins
52:04 Chain Barding Armor
51:27 Elite Skirmisher
53:03 Hand Cart
54:17 Chemistry
54:17 Chain Mail Armor
54:34 Ring Archer Armor
56:23 Halberdier
57:35 Bracer
58:06 Plate Mail Armor
59:17 Elite Varangian Guard
67:27 Masonry
67:13 Murder Holes
Connection lost

Rejoining the realm…

Still unreachable

The connection could not be restored.

Session expired

The server has moved on; the page needs a fresh start.